 Dungeon Crawl Stone Soup version 0.16.1-5-gaa23807 (webtiles) character file.

692 Sachiko the Shield-Bearer (level 7, -1/61 HPs)
             Began as a Minotaur Fighter on Mar 28, 2015.
             Slain by Prince Ribbit (13 damage)
             ... on level 5 of the Dungeon.
             The game lasted 00:16:15 (4106 turns).

Sachiko the Shield-Bearer (Minotaur Fighter)        Turns: 4106, Time: 00:16:15

Health: -1/61      AC: 10    Str: 23    XL:     7   Next: 36%
Magic:  3/3        EV:  6    Int:  5    God:
Gold:   217        SH: 10    Dex:  9    Spells: 0 memorised, 6 levels left

rFire  . . .     SeeInvis .     y - +1 falchion (holy)
rCold  . . .     Clarity  .     u - +0 chain mail
rNeg   . . .     SustAb   .     c - +0 shield
rPois  .         Gourm    .     (helmet restricted)
rElec  .         Spirit   .     (no cloak)
rCorr  .         Warding  .     (no gloves)
rMut   .         Stasis   .     (no boots)
MR     .....                    (no amulet)
Stlth  ..........               (no ring)
                                (no ring)

@: not resistant to hostile enchantments, extremely unstealthy
A: retaliatory headbutt, horns 2
a: no special abilities


You were on level 5 of the Dungeon.
You were not hungry.

You visited 1 branch of the dungeon, and saw 5 of its levels.

You collected 217 gold pieces.

Inventory:

Hand weapons
 a - a +0 long sword
 y - a +1 falchion of holy wrath (weapon)
Armour
 b - a +0 scale mail
 c - a +0 shield (worn)
 i - a +0 large shield
 u - a +0 chain mail (worn)
 A - the +6 ring mail of Hedging {rPois MR- Regen+ Slay+3, unknown}
   (You found it on level 4 of the Dungeon)

   It affects your accuracy and damage with ranged weapons and melee attacks
   (+3).
   It protects you from poison.
   It affects your resistance to hostile enchantments.
   It increases your rate of regeneration.
Jewellery
 n - an uncursed amulet of clarity {unknown}
 x - an uncursed ring of poison resistance {unknown}
Magical devices
 t - a wand of flame (26)
 F - a wand of lightning (4)
Scrolls
 f - a scroll of identify {unknown}
 h - 2 scrolls of remove curse {unknown}
 j - 2 scrolls of magic mapping {unknown}
 p - a scroll of noise {unknown}
 q - a scroll of recharging {unknown}
 v - 4 scrolls of teleportation {unknown}
 B - a scroll of immolation {unknown}
 G - a scroll of random uselessness {unknown}
Potions
 e - 3 potions of might
 g - a potion of brilliance {unknown}
 l - a potion of cancellation {unknown}
 m - 2 potions of poison {unknown}
 o - a potion of haste {unknown}
 r - 2 potions of agility {unknown}
 s - a potion of restore abilities {unknown}
 w - a potion of curing {unknown}
 z - a potion of heal wounds {unknown}
 C - a potion of ambrosia {unknown}
 D - a potion of flight {unknown}
Comestibles
 d - a bread ration
 k - a meat ration
 E - a chunk of flesh


   Skills:
 + Level 5.2 Fighting
 + Level 5.0 Long Blades
 + Level 6.3 Armour
 + Level 6.8 Shields


You had 6 spell levels left.
You didn't know any spells.

Dungeon Overview and Level Annotations

Branches:
Dungeon (5/15)
 Temple: D:4-7

Altars:
Gozag

Shops:
D:4 ?

Annotations:
D:5 Prince Ribbit


Innate Abilities, Weirdness & Mutations

You reflexively headbutt those who attack you in melee.
You have a pair of horns on your head.


Message History

Prince Ribbit blinks!
Prince Ribbit blinks!
Prince Ribbit blinks!
Found a scroll labeled NAONURASUM.
Prince Ribbit hits you but does no damage.
Prince Ribbit blinks!
Prince Ribbit barely misses you.
You miss Prince Ribbit.
Prince Ribbit blinks!
Prince Ribbit blinks!
Prince Ribbit blinks!
G - a scroll labeled NAONURASUM
There are no items here.
Prince Ribbit hops awkwardly around.
Prince Ribbit blinks!
Prince Ribbit blinks!
You hit Prince Ribbit!
Your headbutt passes through Prince Ribbit as he momentarily phases out.
Prince Ribbit is moderately wounded.
Prince Ribbit hits you!
You die...

#.#############
#........
#.§...F.......#
#########
#############.#
#§# #.# #.# #.#
#.######§#
#....F@..#
#.########


You could see Prince Ribbit.

Vanquished Creatures
  An ice beast (D:5)
  A scorpion (D:3)
  A crimson imp (D:5)
  4 orc priests
  2 hounds (D:4)
  Natasha (D:5)
  3 orc wizards (D:5)
  2 worker ants (D:4)
  A hound skeleton (D:4)
  Robin (D:2)
  6 adders
  A giant mite (D:3)
  3 worms
  A giant gecko (D:4)
  12 orcs
  A bat skeleton (D:4)
  3 giant cockroaches
  11 hobgoblins
  2 jackals (D:2)
  2 ball pythons
  A ball python skeleton (D:4)
  7 bats
  4 giant newts
  19 goblins
  7 kobolds
  4 quokkas
  3 rats (D:2)
104 creatures vanquished.

Notes
Turn   | Place    | Note
--------------------------------------------------------------
     0 | D:1      | Sachiko, the Minotaur Fighter, began the quest for the Orb.
     0 | D:1      | Reached XP level 1. HP: 19/19 MP: 1/1
   165 | D:1      | Reached XP level 2. HP: 24/27 MP: 1/1
   219 | D:1      | Reached skill level 4 in Shields
   727 | D:2      | Reached XP level 3. HP: 33/33 MP: 2/2
   734 | D:2      | Found an opulent altar of Gozag.
  1155 | D:2      | Noticed Robin
  1193 | D:2      | Killed Robin
  1193 | D:2      | Reached XP level 4. HP: 26/40 MP: 2/2
  1716 | D:3      | Reached skill level 5 in Shields
  1730 | D:3      | Reached XP level 5. HP: 28/47 MP: 2/2
  1929 | D:3      | You fall through a shaft!
  2635 | D:3      | Reached skill level 5 in Armour
  3183 | D:4      | Reached XP level 6. HP: 50/53 MP: 3/3
  3405 | D:4      | Got a twisted ring mail
  3438 | D:4      | Reached skill level 5 in Fighting
  3545 | D:4      | Reached skill level 6 in Shields
  3595 | D:4      | Found Twaod's Magic Scroll Shop.
  3781 | D:5      | Entered Level 5 of the Dungeon
  3781 | D:5      | Noticed Prince Ribbit
  3900 | D:5      | Reached XP level 7. HP: 61/61 MP: 3/3
  3919 | D:5      | Noticed Natasha
  3926 | D:5      | Killed Natasha
  3985 | D:5      | Reached skill level 5 in Long Blades
  4106 | D:5      | Slain by Prince Ribbit

Action                   |  1- 3 |  4- 6 |  7- 9 || total
-------------------------+-------+-------+-------++-------
Melee: Long sword        |   133 |    73 |       ||   206
       Falchion          |       |    79 |    50 ||   129
  Eat: Bread ration      |     1 |     1 |       ||     2
       Beef jerky        |       |     1 |       ||     1
